 Dungeon Crawl Stone Soup version 0.26-a0-30-g56b8cd3df0 (webtiles) character file.

Game seed: 7785024782974437596, levelgen mode: deterministic

33780 vurker the Thaumaturge (level 13, -5/104 HPs)
             Began as a Mummy Ice Elementalist on May 31, 2020.
             Was an Initiate of Gozag.
             Slain by a dire elephant (34 damage)
             ... on level 6 of the Lair of Beasts.
             The game lasted 00:35:43 (21995 turns).

vurker the Thaumaturge (Mummy Ice Elementalist)    Turns: 21995, Time: 00:35:43

Health: -5/104     AC:  6    Str: 14    XL:     13   Next: 38%
Magic:  28/31      EV: 14    Int: 24    God:    Gozag
Gold:   2286       SH:  5    Dex: 13    Spells: 28/40 levels left

rFire    + . .     SeeInvis .   a - +5 long sword "Beastbane" {vorpal, rF+ rC+ Str+2}
rCold    + + .     Gourm    .   (no shield)
rNeg     + + +     Faith    .   k - +0 robe
rPois    ∞         Spirit   .   i - +0 helmet
rElec    .         Reflect  +   (no cloak)
rCorr    .         Harm     .   e - +0 pair of gloves
MR       +....                  p - +1 pair of boots
Stlth    ++........             c - amulet of reflection
HPRegen  0.27/turn              s - +6 ring of intelligence
MPRegen  0.22/turn              z - ring of protection from fire

@: frozen ramparts
A: no food or potions, fire vulnerability, cold resistance 1, negative energy
resistance 3, torment resistance, unbreathing, in touch with death 1
a: Potion Petition, Call Merchant, Bribe Branch, Renounce Religion


You were on level 6 of the Lair of Beasts.
You worshipped Gozag.
Gozag was most pleased with you.
You were not hungry.

You visited 2 branches of the dungeon, and saw 17 of its levels.
You also visited: Gauntlet.

You collected 3509 gold pieces.
You spent 1155 gold pieces at shops.
You paid 68 gold pieces to Gozag.

Inventory:

Hand Weapons
 a - the +5 long sword "Beastbane" (weapon) {vorpal, rF+ rC+ Str+2}
   (You found it on level 3 of the Lair of Beasts)

   It inflicts extra damage upon your enemies.
   It affects your strength (+2).
   It protects you from fire.
   It protects you from cold.
Armour
 e - a +0 pair of gloves (worn)
   (You found it on level 1 of the Dungeon)
 i - a +0 helmet (worn)
   (You found it on level 2 of the Dungeon)
 k - a +0 robe (worn)
 p - a +1 pair of boots (worn)
   (You found it on level 4 of the Dungeon)
Magical Staves
 b - an uncursed staff of cold
   (You acquired it on level 5 of the Dungeon)
Jewellery
 c - an amulet of reflection (around neck)
   (You found it on level 6 of the Dungeon)
 l - an uncursed ring of protection from cold
   (You took it off an orc on level 10 of the Dungeon)
 o - an uncursed ring of resist corrosion
   (You found it on level 4 of the Dungeon)
 s - a +6 ring of intelligence (left hand)
   (You found it on level 1 of the Dungeon)
 z - a ring of protection from fire (right hand)
   (You bought it in a shop on level 5 of the Dungeon)
 B - an uncursed ring of flight
   (You found it on level 1 of the Lair of Beasts)
 C - an uncursed ring of protection from magic
   (You found it on level 2 of the Lair of Beasts)
 E - an uncursed ring of see invisible
   (You found it on level 2 of the Lair of Beasts)
Wands
 t - a wand of flame (17)
   (You took it off Pikel on level 9 of the Dungeon)
 u - a wand of paralysis (1)
   (You took it off Erica on level 8 of the Dungeon)
 v - a wand of digging (5)
   (You found it on level 3 of the Lair of Beasts)
 w - a wand of enslavement (8)
   (You found it on level 6 of the Lair of Beasts)
 x - a wand of acid (10)
   (You found it on level 5 of the Dungeon)
Scrolls
 d - 4 scrolls of enchant weapon
 f - 5 scrolls of remove curse
 g - a scroll of immolation
 h - 2 scrolls of fog
 j - 3 scrolls of amnesia
 m - 6 scrolls of fear
 n - a scroll of enchant armour
 q - 3 scrolls of magic mapping
 r - 3 scrolls of teleportation
 y - a scroll of silence
 A - a scroll of blinking
 D - 8 scrolls of identify


   Skills:
 + Level 10.7 Fighting
 + Level 4.7 Dodging
 - Level 1.5 Stealth
 + Level 14.2 Spellcasting
 - Level 3.0 Conjurations
 * Level 13.0 Ice Magic


You had 28 spell levels left.
You knew the following spells:

 Your Spells              Type           Power        Failure   Level  Hunger
a - Freeze                Ice            ####         0%          1    N/A
b - Frozen Ramparts       Ice            ######       1%          3    N/A
c - Hailstorm             Conj/Ice       ######..     1%          4    N/A
d - Summon Ice Beast      Ice/Summ       #####...     2%          4    N/A

Your spell library contained the following spells:

 Spells                   Type           Power        Failure   Level  Hunger
 Magic Dart               Conj           ####         1%          1    N/A
 Shock                    Conj/Air       ###.         1%          1    N/A
 Searing Ray              Conj           ####..       1%          2    N/A
 Ozocubu's Armour         Chrm/Ice       #####...     1%          3    N/A
 Infusion                 Chrm           ###.         3%          1    N/A
 Summon Butterflies       Summ           ###.....     3%          1    N/A
 Shroud of Golubria       Chrm/Tloc      ###...       5%          2    N/A
 Song of Slaying          Chrm           ###.....     5%          2    N/A
 Swiftness                Chrm/Air       ###.....     5%          2    N/A
 Dazzling Flash           Conj/Hex       ###...       5%          3    N/A
 Static Discharge         Conj/Air       ###.....     5%          3    N/A
 Call Canine Familiar     Summ           ###.....     11%         3    N/A
 Spectral Weapon          Hex/Chrm       ###.....     11%         3    N/A
 Fulminant Prism          Conj/Hex       ###.......   19%         4    N/A
 Iskenderun's Mystic Bla  Conj/Tloc      ###.....     19%         4    N/A
 Airstrike                Air            ###.......   34%         4    N/A
 Lightning Bolt           Conj/Air       ###.......   45%         5    N/A
 Summon Mana Viper        Hex/Summ       ###.....     67%         5    N/A
 Summon Hydra             Summ           ###.......   100%        7    N/A
 Ignition                 Fire           ###.......   100%        8    N/A
 Shatter                  Erth           ###.......   100%        9    N/A
 Tornado                  Air            ###.......   100%        9    N/A

Dungeon Overview and Level Annotations

Branches:
Dungeon (11/15)            Temple (0/1) D:7            Lair (6/6) D:9
 Shoals (0/4) Lair:3        Snake (0/4) Lair:2        Slime (0/5) Lair:6
Gauntlet (visited)
    Orc: D:9-12

Altars:
Cheibriados
Gozag
Nemelex Xobeh
Okawaru
Qazlal
Ru
Sif Muna
Trog
Uskayaw
Vehumet
Xom
Zin
Jiyva

Shops:
D:5 *

Annotations:
D:4 exclusion: statue
D:5 exclusion: door
D:8 Gastronok
D:9 3 runed translucent doors, p0werm0de's ghost, novice DDFi; ra1n577's ghost, novice DDFi
D:11 exclusion: upstairs
Lair:4 2 transporters


Innate Abilities, Weirdness & Mutations

You do not eat or drink.
Your flesh is vulnerable to fire.
You are immune to poison.
Your flesh is cold resistant. (rC+)
You are immune to negative energy. (rN+++)
You are immune to unholy pain and torment.
You can survive without breathing.
You are in touch with the powers of death.


Message History

r - Retreat! s - Stop attacking. g - Guard the area. f - Follow me.
Anything else - Cancel.
You shout for attention!
The dire elephant trumpets!
Unknown command.
The walls around you are covered in ice.
The wall freezes the dire elephant.
The wall freezes the dire elephant!
The wall freezes the dire elephant!
The frozen ramparts melt away.
The walls around you are covered in ice.
The wall freezes the dire elephant!
The dire elephant closely misses you. The dire elephant trunk-slaps you.
The frozen ramparts melt away.
The walls around you are covered in ice.
The wall freezes the dire elephant.
The dire elephant tramples you!
You hold your ground!
You block the dire elephant's attack.
The frozen ramparts melt away.
The walls around you are covered in ice.
The wall freezes the dire elephant.
The dire elephant tramples you!
You stumble backwards!
The frozen ramparts melt away.
The walls around you are covered in ice.
The wall freezes the dire elephant!
The dire elephant closely misses you. The dire elephant trunk-slaps you!
The wall freezes the dire elephant!
The dire elephant tramples you!!
You hold your ground!
The dire elephant barely misses you.
The wall freezes the dire elephant!
The dire elephant misses you. You block the dire elephant's attack.
The wall freezes the dire elephant.
The wall freezes the dire elephant.
The frozen ramparts melt away.
The walls around you are covered in ice.
The wall freezes the dire elephant!
The wall freezes the dire elephant!
You see here 20 gold pieces.
The wall freezes the dire elephant!
The wall freezes the dire elephant.
The wall freezes the dire elephant!
The dire elephant tramples you.
You stumble backwards!
The frozen ramparts melt away.
There is a stone staircase leading up here.
There is an escape hatch in the ceiling here.
The dire elephant tramples you!!!
* * * LOW HITPOINT WARNING * * *
You stumble backwards!
The walls around you are covered in ice.
The wall freezes the dire elephant.
The dire elephant tramples you!!
You die...
Your body crumbles into a pile of gold.

#.#...# ##≈≈≈≈...≈≈≈.^..P.......
#.#.P## #.≈≈≈...≈≈≈..P#....P...
#.#.## ##.≈≈≈≈≈≈≈≈≈≈...........
..#.# #P.≈≈≈≈≈≈≈≈≈.......P....
.##.# ##..≈≈≈≈≈≈..........P...
.#♣.# ##...≈.≈...........P.#..
##..## #P.##P..................
#....## #................P.#..#P
♣.....## ##..#.#@................
♣....#.#########Y................
♣.....##.# #.##..............#..$
#♣....##.# ##.#.................#
##..(P#..###..PP<....<......#..##
.#♣............P............#####
.##...#.#.#..................#.##
.##.#.####.................#...#.
P##..######...........PP...#...##


You could see a dire elephant.

Vanquished Creatures
  A dire elephant (Lair:6)
  Erolcha (D:10)
  Harold (D:7)
  Erica (D:8)
  An anaconda (Lair:6)
  4 hydras
  A two-headed ogre (D:6)
  Nergalle (Lair:2)
  A lindwurm (Lair:6)
  Pikel (D:9)
  A cyclops (D:11)
  A merfolk siren (Lair:3)
  4 elephants (Lair:6)
  A centaur zombie (D:9)
  4 black mambas
  Joseph (D:8)
  A gargoyle (D:11)
  Psyche (D:8)
  11 spiny frogs
  4 komodo dragons
  A troll (D:9)
  A queen bee (D:10)
  A polar bear (Lair:4)
  3 hornets
  12 blink frogs
  5 hippogriffs
  21 yaks
  2 wyverns
  A hungry ghost (D:7)
  A basilisk (Lair:1)
  Eustachio (D:6)
  3 nagas (Lair:2)
  A soldier ant (D:11)
  9 water moccasins
  4 porcupines
  2 orc warriors
  2 hornet zombies
  A slave (D:9)
  2 black bears
  An ice beast (D:8)
  3 phantoms
  7 ogres
  5 centaurs
  12 crocodiles
  A big kobold (D:11)
  8 bullfrogs
  An earth elemental (D:11)
  An elf skeleton (D:5)
  5 scorpions
  34 killer bees
  10 wights
  2 howler monkeys (D:9)
  4 crimson imps
  A bullfrog zombie (D:11)
  A centaur skeleton (D:8)
  5 hounds
  7 orc priests
  A bullfrog skeleton (D:8)
  6 orc wizards
  5 iguanas
  7 worker ants
  A hound skeleton (D:8)
  Robin (D:4)
  10 adders
  5 gnolls
  3 shadow imps
  An ooze (D:1)
  An adder zombie (D:5)
  An adder skeleton (D:6)
  3 worms
  2 dart slugs
  9 leopard geckos
  27 orcs
  11 bats
  4 giant cockroaches
  12 goblins
  9 hobgoblins
  7 jackals
  A quokka (D:7)
  2 ball pythons
  3 frilled lizards
  12 kobolds
  2 leopard gecko skeletons
  A leopard gecko zombie (D:7)
  A quokka skeleton (D:7)
  5 rats
  5 fungi
  5 plants
386 creatures vanquished.

Vanquished Creatures (collateral kills)
  A bullfrog (D:8)
1 creature vanquished.

Vanquished Creatures (others)
  A centaur zombie (D:9)
  A kobold (D:11)
  3 fungi
  8 plants
  3 withered plants (D:9)
16 creatures vanquished.

Grand Total: 403 creatures vanquished

Notes
Turn   | Place    | Note
-------+----------+-------------------------------------------
     0 | D:1      | vurker the Mummy Ice Elementalist began the quest for the
                  | Orb.
     0 | D:1      | Reached XP level 1. HP: 13/13 MP: 4/4
   119 | D:1      | Reached skill level 3 in Spellcasting
   215 | D:1      | Reached XP level 2. HP: 19/20 MP: 1/6
   660 | D:1      | Reached skill level 1 in Fighting
   660 | D:1      | Reached XP level 3. HP: 24/26 MP: 3/7
  1296 | D:2      | Learned a level 3 spell: Frozen Ramparts
  1461 | D:2      | Reached skill level 4 in Spellcasting
  1461 | D:2      | Reached XP level 4. HP: 31/32 MP: 1/10
  2450 | D:3      | Noticed a water elemental
  2452 | D:3      | Found a stormy altar of Qazlal.
  2453 | D:3      | Noticed an air elemental
  2453 | D:3      | Noticed a fire elemental
  2453 | D:3      | Noticed an earth elemental
  2469 | D:3      | Reached XP level 5. HP: 26/38 MP: 11/11
  2727 | D:3      | Learned a level 4 spell: Hailstorm
  2811 | D:3      | Learned a level 4 spell: Summon Ice Beast
  2821 | D:3      | Found a glowing silver altar of Zin.
  3025 | D:3      | Reached skill level 5 in Spellcasting
  3532 | D:4      | Reached XP level 6. HP: 28/45 MP: 13/13
  3689 | D:4      | Reached skill level 1 in Conjurations
  3692 | D:4      | Reached skill level 6 in Spellcasting
  3692 | D:4      | Reached skill level 5 in Ice Magic
  3704 | D:4      | Reached XP level 7. HP: 33/51 MP: 11/16
  4060 | D:4      | Found a radiant altar of Vehumet.
  4098 | D:4      | Noticed Robin
  4110 | D:4      | Killed Robin
  4501 | D:4      | Found an opulent altar of Gozag.
  4512 | D:4      | Became a worshipper of Gozag Ym Sagoz the Greedy
  4571 | D:5      | Entered Level 5 of the Dungeon
  5193 | D:5      | Found Hyexzis's General Store.
  5203 | D:5      | Reached skill level 7 in Spellcasting
  5501 | D:6      | Noticed Eustachio
  5524 | D:6      | Killed Eustachio
  5524 | D:6      | Reached XP level 8. HP: 60/60 MP: 18/18
  5638 | D:6      | Found an iron altar of Okawaru.
  5706 | D:6      | Found a snail-covered altar of Cheibriados.
  5808 | D:6      | Noticed a two-headed ogre
  5838 | D:6      | Killed a two-headed ogre
  5838 | D:6      | Reached skill level 8 in Spellcasting
  6234 | D:7      | Reached XP level 9. HP: 64/66 MP: 17/21
  6348 | D:7      | Reached skill level 9 in Spellcasting
  6503 | D:7      | Found a shimmering altar of Xom.
  6507 | D:7      | Found a bloodstained altar of Trog.
  6543 | D:7      | Reached skill level 5 in Fighting
  6717 | D:7      | Found a staircase to the Ecumenical Temple.
  6788 | D:7      | Found a sacrificial altar of Ru.
  6986 | D:7      | Noticed Harold
  6991 | D:7      | Killed Harold
  6991 | D:7      | Reached skill level 10 in Spellcasting
  7201 | D:7      | Found a sparkling altar of Nemelex Xobeh.
  7371 | D:8      | Reached XP level 10. HP: 49/76 MP: 24/24
  7682 | D:8      | Noticed Gastronok
  7757 | D:8      | Noticed Erica
  7768 | D:8      | Killed Erica
  7993 | D:8      | Found a shimmering blue altar of Sif Muna.
  8441 | D:8      | Noticed Joseph
  8448 | D:8      | Reached skill level 11 in Spellcasting
  8454 | D:8      | Killed Joseph
  8626 | D:8      | Noticed Psyche
  8633 | D:8      | Killed Psyche
  8762 | D:5      | Bought a scroll of acquirement for 780 gold pieces
  8842 | D:9      | Found a snail-covered altar of Cheibriados.
  9126 | D:9      | Noticed Pikel
  9134 | D:9      | Killed Pikel
  9326 | D:9      | Found a staircase to the Lair.
  9428 | D:9      | Reached XP level 11. HP: 73/85 MP: 12/26
  9432 | D:9      | Reached skill level 10 in Ice Magic
  9769 | D:9      | Found a runed translucent gate.
  9769 | D:9      | Found a runed translucent gate.
  9769 | D:9      | Found a runed translucent gate.
  9769 | D:9      | Noticed p0werm0de's ghost (novice DDFi)
  9769 | D:9      | Noticed ra1n577's ghost (novice DDFi)
  9889 | D:10     | Entered Level 10 of the Dungeon
 10516 | D:5      | Bought an uncursed ring of protection from fire for 375
                  | gold pieces
 10835 | D:10     | Reached skill level 12 in Spellcasting
 11130 | D:10     | Identified the cursed +1 battleaxe "Zeg Guat" {flame,
                  | rPois}
 11333 | D:10     | Noticed Erolcha
 11350 | D:10     | Killed Erolcha
 13029 | Lair:1   | Entered Level 1 of the Lair of Beasts
 13580 | Lair:1   | Noticed a four-headed hydra
 13598 | Lair:1   | Killed a four-headed hydra
 13737 | Lair:1   | Reached XP level 12. HP: 94/95 MP: 16/28
 14039 | Lair:1   | Reached skill level 13 in Spellcasting
 14153 | Lair:1   | Noticed a seven-headed hydra
 14171 | Lair:1   | Killed a seven-headed hydra
 14554 | Lair:2   | Noticed Nergalle
 14565 | Lair:2   | Killed Nergalle
 14813 | Lair:2   | Found a staircase to the Snake Pit.
 15947 | Lair:3   | Got a dazzling long sword
 15950 | Lair:3   | Identified the +5 long sword "Beastbane" {vorpal, rF+ rC+
                  | Str+2} (You found it on level 3 of the Lair of Beasts)
 16453 | Lair:3   | Noticed a six-headed hydra
 16476 | Lair:3   | Killed a six-headed hydra
 16476 | Lair:3   | Reached skill level 10 in Fighting
 16683 | Lair:3   | Found a staircase to the Shoals.
 17147 | Lair:4   | Found a transporter.
 17149 | Lair:4   | Found the +2 hat of the Bear Spirit {Spirit, +Rage rN+
                  | MR++}
 17892 | Lair:4   | Found a transporter.
 18229 | Lair:5   | Noticed a seven-headed hydra
 18235 | Lair:5   | Killed a seven-headed hydra
 18305 | Lair:5   | Found a gate leading to a gauntlet.
 18322 | Gauntlet | Entered a Gauntlet
 18322 | Gauntlet | Found a transporter.
 18386 | Gauntlet | Found a transporter.
 18386 | Gauntlet | Noticed a death ooze
 18389 | Gauntlet | Found a transporter.
 18390 | Gauntlet | Found a transporter.
 18398 | Gauntlet | Found a transporter.
 18401 | Gauntlet | Found a transporter.
 18402 | Gauntlet | Found a transporter.
 18411 | Gauntlet | Found a transporter.
 18414 | Gauntlet | Found a transporter.
 18415 | Gauntlet | Found a transporter.
 18426 | Gauntlet | Found a transporter.
 18427 | Gauntlet | Found a transporter.
 18436 | Gauntlet | Found a transporter.
 18459 | Gauntlet | Found a transporter.
 18533 | Lair:5   | Gained mutation: You are in touch with the powers of death.
                  | [Mummy growth]
 18533 | Lair:5   | Reached XP level 13. HP: 103/103 MP: 21/30
 19532 | Lair:6   | Entered Level 6 of the Lair of Beasts
 19782 | Lair:6   | Reached skill level 14 in Spellcasting
 20138 | Lair:6   | Found a staircase to the Slime Pits.
 20138 | Lair:6   | Found a viscous altar of Jiyva.
 20810 | Lair:6   | Found a hide-covered altar of Uskayaw.
 21422 | Lair:6   | Noticed a dire elephant
 21422 | Lair:6   | Noticed a dire elephant
 21750 | Lair:6   | Noticed a dire elephant
 21815 | Lair:6   | Noticed a dire elephant
 21823 | Lair:6   | Killed a dire elephant
 21995 | Lair:6   | Slain by a dire elephant

Illustrated notes

Levels and vault maps discovered:
D:1:      tarquinn_simple_flora_water_f, layout_rooms
D:2:      layout_loops_ring
D:3:      layout_basic, overflow_temple_1_default, first_ration,
          nicolae_qazlal_style_of_elements
D:4:      layout_cave_pools, vehumet_statue, grunt_gozag_breadcrumbs,
          minmay_fractal_squares_5, uniq_robin
D:5:      layout_loops_cross, serial_shops, shop_fountains,
          nicolae_ossuary_entry_catacombs, minmay_statues_item
D:6:      layout_cave_pools, okawaru_trees_2, basic_altar, serial_column_ruins,
          column_ruins_hut, column_ruins_hut_pillars, column_ruins_corridor_T,
          column_ruins_open_medium, column_ruins_grid_2,
          column_ruins_open_small, column_ruins_open_medium,
          column_ruins_open_medium, minmay_holes, roderic_lattice_a,
          uniq_eustachio
D:7:      layout_basic, kennysheep_mini, minitemple,
          lemuel_coloured_pillars_altar, minmay_temple_entry_nine_rooms,
          uniq_harold
D:8:      minmay_evil_eye, layout_basic, lemuel_doored_altar, uniq_gastronok,
          uniq_psyche, uniq_joseph, uniq_erica
D:9:      layout_roguey, overflow_temple_1_default, lair_entry_dummy,
          gammafunk_ghost_cemetery, uniq_pikel
D:10:     minmay_stone_box, layout_rooms, david_nohive_1, uniq_erolcha
D:11:     layout_rooms, minmay_diced_spiral
Lair:1:   layout_long_grid, serial_bayou_shore_b, grunt_megastairs_3
Lair:2:   layout_chaotic_city, guppyfry_snake_entry_garden,
          chequers_serial_rivers_micro_c, uniq_nergalle
Lair:3:   layout_hall_layers, elwin_shoals_entry_rooms
Lair:4:   gammafunk_cloud_chamber, layout_hall_layers, fungi_pond_lemuel,
          st_stairs_5
Lair:5:   layout_long_grid, gauntlet_entry_generic
Lair:6:   due_jungle_book, layout_misc_corridors, slime_altar_1, basic_altar,
          st_stairs_7, infiniplex_staircase_pool_2

Skill      XL: |  1  2  3  4  5  6  7  8  9 10 11 12 13 |
---------------+----------------------------------------+-----
Spellcasting   | 3 4 5 6 7 8 10 11 12 13 14 | 14.2
Fighting       | 1 2 3 4 6 7 9 10 | 10.7
Ice Magic      | 4 5 6 8 9 11 12 13 | 13.0
Conjurations   | 1 2 3 |  3.0
Dodging        | 3 4 |  4.7
Stealth        | |  1.5

Action                   |  1- 3 |  4- 6 |  7- 9 | 10-12 | 13-15 || total
-------------------------+-------+-------+-------+-------+-------++-------
Melee: Unarmed           |     8 |       |       |       |       ||     8
       Dagger            |    13 |    28 |    46 |       |       ||    87
       Rapier            |       |       |    60 |   132 |       ||   192
       Scimitar          |       |       |       |    10 |       ||    10
       Staff             |       |       |       |     5 |       ||     5
       Long sword        |       |       |       |       |    33 ||    33
 Cast: Freeze            |    64 |    52 |    50 |   180 |    47 ||   393
       Frozen Ramparts   |     1 |    10 |    33 |    73 |    28 ||   145
       Hailstorm         |       |       |    14 |   131 |    34 ||   179
       Summon Ice Beast  |       |       |       |     6 |       ||     6
Invok: Potion Petition   |       |       |       |       |     1 ||     1
Evoke: Wand              |       |       |       |     2 |       ||     2
  Use: Scroll            |       |     3 |     2 |     7 |     2 ||    14
 Stab: Sleeping          |       |       |     1 |       |       ||     1
Armor: Robe              |    14 |    21 |    48 |    93 |    11 ||   187
Dodge: Dodged            |    52 |    49 |    90 |   173 |    33 ||   397
Block: Other             |       |       |    29 |    86 |    16 ||   131
       Reflection        |       |       |     1 |     3 |       ||     4
       Rpst.: Scimitar   |       |       |       |     1 |       ||     1
       Long sword        |       |       |       |    12 |     9 ||    21

Table legend:
 A = Non-vault XP
 B = Vault XP
 C = Vault XP percentage of total XP
 D = Non-vault monster count
 E = Vault monster count
 F = Vault count percentage of total count
                 A         B        C        D         E       F
            +---------+---------+-------+---------+---------+-------
      Total |   35785 |   12473 |  25.8 |     315 |      62 |  16.4
            +---------+---------+-------+---------+---------+-------
        D:1 |      42 |       0 |   0.0 |      21 |       0 |   0.0
        D:2 |     125 |       0 |   0.0 |      23 |       0 |   0.0
        D:3 |     158 |       0 |   0.0 |      33 |       0 |   0.0
        D:4 |     536 |     227 |  29.8 |      17 |      14 |  45.2
        D:5 |     199 |      79 |  28.4 |       5 |       1 |  16.7
        D:6 |    1137 |     185 |  14.0 |       8 |       1 |  11.1
        D:7 |    1737 |     997 |  36.5 |      34 |       1 |   2.9
        D:8 |     781 |    2285 |  74.5 |      17 |       8 |  32.0
        D:9 |    2578 |     629 |  19.6 |      20 |       1 |   4.8
       D:10 |    1289 |    2205 |  63.1 |      23 |      16 |  41.0
       D:11 |    3426 |     366 |   9.7 |      31 |       6 |  16.2
     Lair:1 |    5247 |     262 |   4.8 |      17 |       1 |   5.6
     Lair:2 |    3374 |    1278 |  27.5 |      14 |       4 |  22.2
     Lair:3 |    3132 |     474 |  13.1 |      10 |       1 |   9.1
     Lair:4 |    2590 |     304 |  10.5 |      11 |       2 |  15.4
     Lair:5 |    3610 |       0 |   0.0 |      13 |       0 |   0.0
     Lair:6 |    5824 |    3182 |  35.3 |      18 |       6 |  25.0
            +---------+---------+-------+---------+---------+-------
